 Dungeon Crawl Stone Soup version 0.27-a0-1312-g5cdb2b3542 (webtiles) character file.

Game seed: 9409028762131224417

306 dickylongcocking the Insei (level 6, -3/42 HPs)
             Began as an Octopode Transmuter on June 20, 2021.
             Was a Follower of Fedhas.
             Slain by a gnoll shaman (12 damage)
             ... on level 5 of the Dungeon.
             The game lasted 00:02:07 (4594 turns).

dickylongcocking the Insei (Octopode Transmuter)    Turns: 4594, Time: 00:02:08

Health: -3/42      AC:  1    Str:  9    XL:     6   Next: 39%
Magic:  9/9        EV: 13    Int: 18    God:    Fedhas [*.....]
Gold:   133        SH:  0    Dex: 12    Spells: 7/10 levels left

rFire    . . .     SeeInvis .     - Unarmed
rCold    . . .     Faith    .   (no shield)
rNeg     . . .     Spirit   .   (helmet restricted)
rPois    .         Reflect  .   (no amulet)
rElec    .         Harm     .   (no ring)
rCorr    .         Rampage  .   (no ring)
Will     .....                  (no ring)
Stlth    +++.......             (no ring)
HPRegen  0.14/turn              (no ring)
MPRegen  0.11/turn              (no ring)
                                (no ring)
                                (no ring)

@: no status effects
A: almost no armour, amphibious, 8 rings, camouflage 1, gelatinous body 1,
(nimble swimmer 1), tentacles
a: Renounce Religion


You were on level 5 of the Dungeon.
You worshipped Fedhas.
Fedhas was aware of your devotion.
You visited 1 branch of the dungeon, and saw 5 of its levels.

You collected 133 gold pieces.

Inventory:

Wands
 b - a wand of iceblast (11)
Scrolls
 c - a scroll of teleportation {unknown}
 d - 2 scrolls of enchant armour {unknown}
 e - a scroll of immolation {unknown}
 f - a scroll of identify {unknown}
Potions
 a - a potion of curing


   Skills:
 * Level 3.1 Fighting
 - Level 2.6 Dodging
 + Level 3.2 Stealth
 * Level 4.4 Unarmed Combat
 * Level 2.6 Spellcasting
 - Level 2.3 Transmutations
 * Level 1.7 Poison Magic


You had 7 spell levels left.
You knew the following spells:

 Your Spells              Type           Power      Damage    Failure   Level
a - Beastly Appendage     Tmut           20%        N/A       6%          1
b - Poisonous Vapours     Pois/Air       10%        N/A       19%         2

Your spell library contained the following spells:

 Spells                   Type           Power      Damage    Failure   Level
 Sting                    Tmut/Pois      36%        1d4       8%          1
 Wereblood                Tmut           10%        N/A       10%         2
 Spider Form              Tmut/Pois      4%         N/A       22%         3
 Ignite Poison            Fire/Tmut/Pois 7%         N/A       28%         3
 Mephitic Cloud           Conj/Pois/Air  4%         N/A       38%         3
 Olgreb's Toxic Radiance  Pois           8%         N/A       63%         4
 Ice Form                 Ice/Tmut       6%         N/A       71%         4


Dungeon Overview and Level Annotations

Branches:
Dungeon (5/15)
 Temple: D:4-7

Altars:
Fedhas


Innate Abilities, Weirdness & Mutations

You cannot wear most types of armour.
You are amphibious.
You can wear up to eight rings at the same time.
Your skin changes colour to match your surroundings (Stealth+).
Your rubbery body absorbs attacks. (AC +1, EV +1)
((You are camouflaged near water. (Stealth+)))
You have tentacles for arms and can constrict up to eight enemies at once.


Message History

The gnoll is severely wounded.
You constrict the gnoll, but do no damage.
The gnoll hits you with a +0 club.
You tentacle-slap the gnoll. x2; You squeeze the gnoll.
You kill the gnoll!
Fedhas appreciates your contribution to the ecosystem.
You start resting.
Your transformation is almost over.
You start resting.
Magic restored.
You start resting.
Your tentacle spike disappears.
Okay, then.
Okay, then.
You start resting.
HP restored.
You start waiting.
Done waiting.
There is an escape hatch in the floor here.
Unknown command.
You slide downwards.
The hatch slams shut behind you.
A two-headed ogre comes into view.
It is wielding a +0 giant club and a +0 giant spiked club.
There are monsters nearby!
There are monsters nearby!
Unknown command.
Casting: Beastly Appendage (safe; 6% risk of failure)
Confirm with . or Enter, or press ? or * to list all spells.
Okay, then.
The gnoll shaman hits you with a +0 whip.
You tentacle-slap the gnoll but do no damage.
You grab the gnoll. You constrict the gnoll. The gnoll barely misses you.
The gnoll shaman hits you with a +0 whip.
You release your grip on the gnoll.
The gnoll completely misses you.
The two-headed ogre completely misses you.
The two-headed ogre hits you with a +0 giant spiked club!!
Ouch! That really hurt!
* * * LOW HITPOINT WARNING * * *
The gnoll shaman hits you with a +0 whip!
You die...
Fedhas appreciates your contribution to the ecosystem.

........#.# ..
........#.##.
...........#
#.........+
#.!.......# ..
#....g....+ ..#
#.........# ....
#...g@....#
....###...ggO...#
#.......(.#####
#....g#####
<...#.h..<# .##
#.#.#.# #.###.#
.. #.# .# ..#


You could see a two-headed ogre, a gnoll shaman, a hound and 4 gnolls.

Vanquished Creatures
  Menkaure (D:4)
  A centaur skeleton (D:4)
  Jessica (D:3)
  An iguana (D:4)
  A hound skeleton (D:4)
  A gnoll (D:4)
  3 adders
  7 orcs
  5 ball pythons
  6 endoplasms
  A giant cockroach (D:4)
  4 goblins
  12 jackals
  A kobold (D:3)
  2 bats
  3 frilled lizards
50 creatures vanquished.

Vanquished Creatures (others)
  8 toadstools (D:5)
8 creatures vanquished.

Grand Total: 58 creatures vanquished

Notes
Turn   | Place    | Note
-------+----------+-------------------------------------------
     0 | D:1      | dickylongcocking the Octopode Transmuter began the quest
                  | for the Orb.
     0 | D:1      | Reached XP level 1. HP: 13/13 MP: 3/3
   371 | D:1      | You fall into a shaft and drop 1 floor!
   678 | D:2      | Reached XP level 2. HP: 12/18 MP: 3/5
  1200 | D:2      | Reached skill level 1 in Stealth
  1200 | D:2      | Reached XP level 3. HP: 18/23 MP: 6/6
  1711 | D:3      | Found a blossoming altar of Fedhas.
  1721 | D:3      | Became a worshipper of Fedhas Madash
  2221 | D:3      | Noticed Jessica
  2228 | D:3      | Killed Jessica
  2229 | D:3      | Reached XP level 4. HP: 14/29 MP: 5/7
  2449 | D:3      | You fall into a shaft and drop 1 floor!
  2797 | D:4      | Reached skill level 4 in Unarmed Combat
  2797 | D:4      | Reached XP level 5. HP: 16/35 MP: 6/8
  3042 | D:4      | Learned a level 2 spell: Poisonous Vapours
  3085 | D:4      | Noticed Menkaure
  3094 | D:4      | Killed Menkaure
  3095 | D:4      | Reached skill level 1 in Poison Magic
  3095 | D:4      | Reached XP level 6. HP: 13/41 MP: 7/9
  3431 | D:3      | Reached * piety under Fedhas
  4352 | D:5      | Entered Level 5 of the Dungeon
  4591 | D:5      | Noticed a two-headed ogre
  4594 | D:5      | Slain by a gnoll shaman

Illustrated notes

Levels and vault maps discovered:
D:1:      scummos_arrival_simple_fountains, layout_basic, basic_ecumenical_altar
D:2:      layout_loops_ring, st_stairs_8
D:3:      layout_loops_ring, fedhas_altar_3, hex_tiny, chequers_avenue,
          grunt_ministairs_7, uniq_jessica
D:4:      layout_gridville, uniq_menkaure
D:5:      cheibrodos_fertilizer, layout_basic, kennysheep_mini, minivault_24,
          minmay_ruined_shrine

Skill      XL: |  1  2  3  4  5  6 |
---------------+-------------------+-----
Stealth        | 1 2 3 |  3.2
Fighting       | 2 3 |  3.1
Unarmed Combat | 4 |  4.4
Poison Magic   | 1 |  1.7
Dodging        | |  2.6
Spellcasting   | |  2.6
Transmutations | |  2.3

Action                   |  1- 3 |  4- 6 || total
-------------------------+-------+-------++-------
Melee: Unarmed           |    56 |    73 ||   129
       Tentacles         |     8 |    16 ||    24
       Constrict         |    14 |    23 ||    37
       Kick              |     1 |     9 ||    10
       Punch             |       |     2 ||     2
 Cast: Beastly Appendage |     5 |     7 ||    12
  Use: Potion            |       |     3 ||     3
 Stab: Sleeping          |     4 |     1 ||     5
Armor: Skin              |     7 |    14 ||    21
Dodge: Dodged            |    27 |    70 ||    97

Table legend: (Time is in decaauts)
 A = Elapsed time spent in this place.
 B = Non-inter-level travel time spent in this place.
 C = Inter-level travel time spent in this place.
 D = Time resting spent in this place.
 E = Time spent auto-exploring this place.
 F = Levels seen in this place.
 G = Mean time per level.
                   A        B        C        D        E       F      G
               +--------+--------+--------+--------+--------+-----+--------+
         Total |   4576 |   4363 |    213 |    600 |   3433 |   5 |  915.2 |
       Dungeon |   4576 |   4363 |    213 |    600 |   3433 |   5 |  915.2 |
               +--------+--------+--------+--------+--------+-----+--------+

Top non-repeatable levels by time:
     D:4: 1491 daAuts
     D:3: 1374 daAuts
     D:2: 1323 daAuts
     D:1: 370 daAuts
     D:5: 16 daAuts
